 Dungeon Crawl Stone Soup version 0.31-a0-986-g5e6e4ef867 (webtiles) character file.

Game seed: 16948573045409148265

48 Crabhammer the Insei (level 3, 0/34 HPs)
             Began as an Octopode Shapeshifter on Nov 23, 2023.
             Slain by a gnoll
             ... wielding a +0 whip
              (6 damage)
             ... on level 2 of the Dungeon.
             The game lasted 00:05:56 (1104 turns).

Crabhammer the Insei (Octopode Shapeshifter)        Turns: 1104, Time: 00:05:56

Health: 0/34       AC: 21    Str: 13    XL:     3   Next: 72%
Magic:  3/3        EV:  2    Int: 12    God:
Gold:   63         SH:  0    Dex: 13    Spells: 2/2 levels left

rFire   . .          .
                       - Unarmed
rCold   . . .        (no shield)
rNeg    . . .        (helmet currently unavailable)
rPois   +            (no amulet)
rElec   .            (no ring)
rCorr   .            (no ring)
SInv    .            (no ring)
Will    .....        (no ring)
Stlth   ++           (no ring)
HPRegen 0.25/turn    (no ring)
MPRegen 0.08/turn    (no ring)
                     (no ring)

%: no passive effects
@: tree-form
A: stationary, stasis, torment immunity, boosted hp, almost no armour,
(amphibious), 8 rings, (camouflage 1), (gelatinous body 1), (nimble swimmer 1),
(tentacles)
a: no special abilities


You were on level 2 of the Dungeon.
You were a tree.
You visited 1 branch of the dungeon, and saw 2 of its levels.

You collected 63 gold pieces.

Inventory:

Talismans
 b - a beast talisman
 c - a flux talisman
 d - a blade talisman
Scrolls
 e - 3 scrolls of teleportation
 f - 3 scrolls of fear {unknown}
Potions
 g - a potion of attraction
 h - a potion of heal wounds {unknown}
 j - a potion of curing {unknown}


   Skills:
 - Level 1.0 Fighting
 - Level 2.2 Dodging
 - Level 1.3 Stealth
 + Level 4.0 Unarmed Combat
 - Level 3.2 Shapeshifting


You had 2 spell levels left.
You didn't know any spells.
Your spell library was empty.

Dungeon Overview and Level Annotations

Branches:
Dungeon (2/15)

Altars:


Innate Abilities, Weirdness & Mutations

You are a tree.
Your roots penetrate the ground, keeping you stationary.
You cannot be teleported.
You are immune to unholy pain and torment.
Your maximum health is greatly increased.
You cannot wear most types of armour.
((You are amphibious.))
You can wear up to eight rings at the same time.
((Your skin changes colour to match your surroundings (Stealth+).))
((Your rubbery body absorbs attacks. (AC +1, EV +1)))
((You are camouflaged when in or above water. (Stealth+)))
((You have tentacles for arms and can constrict up to eight enemies at once.))


Message History

The jackal bites you.
You tentacle-slap the jackal. Your grab misses the jackal.
Your squeeze misses the jackal.
The jackal is severely wounded.
The jackal bites you.
You tentacle-slap the jackal but do no damage.
Your grab misses the jackal.
The jackal is severely wounded.
The jackal misses you. The jackal barely misses you.
You closely miss the jackal. You grab the jackal. You squeeze the jackal.
You kill the jackal!
Your Unarmed Combat skill increases to level 4!
You start resting.
HP restored.
Found a leather armour.
Found an escape hatch in the floor.
You see here a +0 leather armour.
A hobgoblin comes into view.
A hobgoblin is nearby!
The hobgoblin shouts!
The hobgoblin barely misses you.
You tentacle-slap the hobgoblin. Your grab misses the hobgoblin.
You tentacle-slap the hobgoblin.
You kill the hobgoblin!
You see here a hobgoblin corpse.
You open the door.
The gnoll shouts!
You hear an angry hiss.
A gnoll is nearby!
There is an open door here.
The gnoll throws a stone.
The stone hits you. The gnoll hits you with a +0 whip!
You closely miss the gnoll. You grab the gnoll. You constrict the gnoll.
The gnoll hits you with a +0 whip!
* * * LOW HITPOINT WARNING * * *
The ball python bites you but does no damage.
The ball python closely misses you.
Your transformation has ended.
You turn into a tree.
Your roots penetrate the ground.
You lose your grip on the gnoll.
The gnoll hits you with a +0 whip.
You die...

.###.########..#.#*,*.# *#.#
.###.########.÷#(#*,#.* #.#
.###.########'..#.,#.,* #.#
...S....)###...#.##.#,* #.#
..######.##.........,,####.#
,,*,****,#.........**##.##.#
,,,,,,,*,.........####...#.######
,,,,,,,,........S.'..............
*,,,,*,*,......g♣.####.....######
*,,,,,,*,#.......## #..####
,,,,,,,,,##.....## #.##
*,,,,,,***##...#* #.# **,,,*,*
##+#* #.# *,,**,* *,* #># *,,,,,*
*,* #.# **,*********,*** #.# *,*
*,,,,,,,,* #.#


You could see a gnoll and a ball python.

Vanquished Creatures
  A dart slug (D:2)
  5 endoplasms
  A giant cockroach (D:1)
  6 goblins (D:1)
  4 hobgoblins
  6 jackals
  4 ball pythons (D:1)
  A bat (D:1)
  2 frilled lizards
  6 kobolds
  5 rats
41 creatures vanquished.

Notes
Turn   | Place    | Note
-------+----------+-------------------------------------------
     0 | D:1      | Crabhammer the Octopode Shapeshifter began the quest for
                  | the Orb.
     0 | D:1      | Reached XP level 1. HP: 13/13 MP: 1/1
   139 | D:1      | Reached XP level 2. HP: 18/18 MP: 2/2
   301 | D:1      | Reached XP level 3. HP: 11/23 MP: 3/3
   312 | D:1      | Reached skill level 1 in Stealth
   977 | D:2      | Reached skill level 4 in Unarmed Combat
  1104 | D:2      | Slain by a gnoll

Illustrated notes

Levels and vault maps discovered:
D:1:      ncdulo_watergridlock, layout_basic, st_stairs_12,
          chequers_decorated_corner
D:2:      layout_loops_corners, nicolae_eternal_life, minmay_small_reverse_x

Skill      XL: |  1  2  3 |
---------------+----------+-----
Stealth        | 1 |  1.3
Unarmed Combat | 4 |  4.0
Fighting       | |  1.0
Dodging        | |  2.2
Shapeshifting  | |  3.2

Action                     || total
---------------------------++-------
  Melee: Unarmed           ||    87
         Constrict         ||    21
         Tentacles         ||    13
         Punch             ||     1
    Use: Scroll            ||     5
         Potion            ||     1
   Stab: Sleeping          ||     8
 Armour: Skin              ||    37
  Dodge: Dodged            ||    57

Table legend: (Time is in decaauts)
 A = Elapsed time spent in this place.
 B = Non-inter-level travel time spent in this place.
 C = Inter-level travel time spent in this place.
 D = Time resting spent in this place.
 E = Time spent auto-exploring this place.
 F = Levels seen in this place.
 G = Mean time per level.
                   A        B        C        D        E       F      G
               +--------+--------+--------+--------+--------+-----+--------+
         Total |   1099 |   1010 |     89 |    111 |    514 |   2 |  549.5 |
       Dungeon |   1099 |   1010 |     89 |    111 |    514 |   2 |  549.5 |
               +--------+--------+--------+--------+--------+-----+--------+

Top non-repeatable levels by time:
     D:1: 646 daAuts
     D:2: 452 daAuts
